 Dungeon Crawl Stone Soup version 0.24-a0-102-g7635c99 (webtiles) character file.

Game seed: 15673775310896319787

3866 snowfan the Magician (level 10, -1/109 HPs)
             Began as a Gnoll Fire Elementalist on Feb 12, 2019.
             Was a Priest of Vehumet.
             Slain by an orc warrior
             ... wielding a +0 spear
              (3 damage)
             ... in a bailey on Feb 13, 2019.
             The game lasted 00:58:27 (8277 turns).

snowfan the Magician (Gnoll Fire Elementalist)      Turns: 8277, Time: 00:58:29

Health: -1/109     AC: 11    Str: 20    XL:     10   Next: 19%
Magic:  5/20       EV: 16    Int: 25    God:    Vehumet [***...]
Gold:   271        SH:  0    Dex: 15    Spells: 4/23 levels left

rFire    . . .     SeeInvis .   o - +2 spear (chaos)
rCold    . . .     Gourm    .   (no shield)
rNeg     . . .     Faith    .   x - +3 leather armour "Zuferhir" {rPois Str+4 Int+4}
rPois    +         Spirit   .   m - +0 helmet
rElec    .         Reflect  .   F - +1 cloak {+Inv}
rCorr    .         Harm     .   (no gloves)
MR       .....                  A - +0 pair of boots
Stlth    ..........             u - amulet of regeneration
HPRegen  0.68/turn              (no ring)
MPRegen  0.17/turn              (no ring)

@: berserking, very quick
A: distributed training, fangs 1, strong nose
a: Renounce Religion, Evoke Invisibility


You were in a bailey.
You worshipped Vehumet.
Vehumet was most pleased with you.
You were hungry.

You visited 1 branch of the dungeon, and saw 9 of its levels.
You also visited: Bailey.

You collected 526 gold pieces.
You spent 255 gold pieces at shops.

Inventory:

Hand Weapons
 j - a +4 quarterstaff of chaos
 n - a +0 dagger
 o - a +2 spear of chaos (weapon)
 t - a +2 short sword of holy wrath
Armour
 m - a +0 helmet (worn)
 v - the +1 ring mail of the Elven Halls {MR+ Int+3 Slay+3}
   (You found it on level 4 of the Dungeon)

   It affects your intelligence (+3).
   It affects your accuracy and damage with ranged weapons and melee attacks
   (+3).
   It affects your resistance to hostile enchantments.
 x - the +3 leather armour "Zuferhir" (worn) {rPois Str+4 Int+4}
   (You found it on level 4 of the Dungeon)

   It affects your strength (+4).
   It affects your intelligence (+4).
   It protects you from poison.
 A - a +0 pair of boots (worn)
 F - a +1 cloak of invisibility (worn)
Jewellery
 r - an uncursed amulet of rage
 u - an amulet of regeneration (around neck)
Wands
 p - a wand of random effects (13)
 C - a wand of flame (18)
 G - a wand of digging (7)
Scrolls
 b - a scroll of amnesia {unknown}
 d - 2 scrolls of fear {unknown}
 e - a scroll of enchant armour {unknown}
 g - 2 scrolls of teleportation
 i - 3 scrolls of random uselessness
 k - 2 scrolls of blinking {unknown}
 l - 4 scrolls of identify
 w - 5 scrolls of remove curse {unknown}
 y - 3 scrolls of magic mapping {unknown}
 B - 2 scrolls of fog {unknown}
Potions
 a - a potion of flight {unknown}
 f - a potion of curing
 h - a potion of haste
 q - a potion of resistance {unknown}
 z - a potion of heal wounds {unknown}
 E - a potion of brilliance {unknown}
Comestibles
 c - 12 rations
 s - 3 chunks of flesh


   Skills:
 + Level 4.9 Fighting
 + Level 4.9 Short Blades
 + Level 4.9 Long Blades
 + Level 4.9 Axes
 + Level 4.9 Maces & Flails
 + Level 4.9 Polearms
 + Level 4.9 Staves
 + Level 4.9 Slings
 + Level 4.9 Bows
 + Level 4.9 Crossbows
 + Level 4.9 Throwing
 + Level 4.9 Armour
 + Level 6.8 Dodging
 + Level 6.5 Stealth
 + Level 4.9 Shields
 + Level 4.9 Unarmed Combat
 + Level 7.1 Spellcasting
 + Level 4.6 Conjurations
 + Level 4.1 Hexes
 + Level 4.1 Charms
 + Level 4.1 Summonings
 + Level 4.1 Necromancy
 + Level 4.1 Translocations
 + Level 4.1 Transmutations
 + Level 6.9 Fire Magic
 + Level 4.1 Ice Magic
 + Level 4.1 Air Magic
 + Level 4.1 Earth Magic
 + Level 4.1 Poison Magic
 + Level 5.4 Invocations
 + Level 4.9 Evocations


You had 4 spell levels left.
You knew the following spells:

 Your Spells              Type           Power        Failure   Level  Hunger
a - Flame Tongue          Conj/Fire      #####        1%          1    None
c - Inner Flame           Hex/Fire       #####...     1%          3    None
d - Conjure Flame         Conj/Fire      #####...     1%          3    None
f - Fireball              Conj/Fire      #####.....   5%          5    #####..
s - Throw Flame           Conj/Fire      #####.       1%          2    None
t - Confusing Touch       Hex            ####..       1%          1    None
z - Sticky Flame          Conj/Fire      #####...     1%          4    ###....

Your spell library contained the following spells:

 Spells                   Type           Power        Failure   Level  Hunger
 Static Discharge         Conj/Air       ####....     1%          3    None
 Animate Skeleton         Necr           N/A          1%          1    None
 Apportation              Tloc           ####..       1%          1    None
 Summon Small Mammal      Summ           ####         1%          1    None


Dungeon Overview and Level Annotations

Branches:
Dungeon (9/15)             Temple (0/1) D:5             Orc (0/2) D:9
   Lair: D:8-11

Altars:
Sif Muna
Uskayaw
Vehumet
Wu Jian
Xom

Shops:
D:7 [

Annotations:
D:6 Edmund
D:8 2 transporters, Orphidia's ghost, novice GnWz


Innate Abilities, Weirdness & Mutations

Your experience applies equally to all skills.
You have very sharp teeth.
Your uncanny sense of smell can sniff out nearby items.


Message History

Unknown command.
Unknown command.
Unknown command.
Unknown command.
Unknown command.
You are too berserk!
Unknown command.
Unknown command.
You puncture the orc!
You kill the orc!
Vehumet accepts your kill. The orc warrior barely misses you.
The orc hits you but does no damage. The gnoll misses you.
h - a potion of haste The orc knight no longer looks unusually strong.
The orc sorcerer barely misses you.
The gnoll hits you from afar with a +0 spear!
* * * LOW HITPOINT WARNING * * *
The orc warrior hits you from afar with a +0 spear.
You die...

#...).).#
#....)).#
#..))...#
#..)))).#
#.......#
##%%...##
##'''##
#.go..#
#g@.g.#
#o)g!.#


#gogoo# #.gg..# ##ooo## ##go.o.## #...oooo# #...o..o# #.......# You could see 2
orc knights, an orc sorcerer, 5 orc warriors, 9 gnolls and 8 orcs.

Vanquished Creatures
  A wyvern (D:8)
  Grum (D:8)
  11 orc warriors
  An ice beast (D:7)
  2 wolves
  A centaur (D:8)
  3 ogres
  A big kobold (D:9)
  8 bullfrogs
  2 gnoll sergeants (D:9)
  A wyvern skeleton (D:8)
  A scorpion (D:4)
  4 killer bees (D:8)
  2 crimson imps (D:5)
  5 hounds
  2 orc priests
  Crazy Yiuf (D:3)
  6 orc wizards
  2 iguanas (D:8)
  3 worker ants
  2 hound skeletons (D:7)
  2 worker ant zombies
  13 gnolls
  12 adders
  A shadow imp (D:9)
  An ooze (D:2)
  3 worms (D:3)
  2 leopard geckos
  40 orcs
  4 giant cockroaches
  5 goblins
  8 hobgoblins
  7 jackals
  2 ball pythons
  3 bats
  3 frilled lizards
  8 kobolds
  A leopard gecko skeleton (D:4)
  7 rats
182 creatures vanquished.

Notes
Turn   | Place    | Note
-------+----------+-------------------------------------------
     0 | D:1      | snowfan the Gnoll Fire Elementalist began the quest for the
                  | Orb.
     0 | D:1      | Reached XP level 1. HP: 13/13 MP: 6/6
   327 | D:1      | Reached XP level 2. HP: 19/19 MP: 4/7
   666 | D:2      | Reached skill level 5 in Spellcasting
   666 | D:2      | Reached XP level 3. HP: 25/25 MP: 3/9
   728 | D:2      | Reached skill level 1 in Invocations
   770 | D:2      | Reached skill level 1 in Fighting
   770 | D:2      | Reached skill level 1 in Short Blades
   770 | D:2      | Reached skill level 1 in Long Blades
   770 | D:2      | Reached skill level 1 in Axes
   770 | D:2      | Reached skill level 1 in Maces & Flails
   770 | D:2      | Reached skill level 1 in Polearms
   770 | D:2      | Reached skill level 1 in Staves
   770 | D:2      | Reached skill level 1 in Slings
   770 | D:2      | Reached skill level 1 in Bows
   770 | D:2      | Reached skill level 1 in Crossbows
   770 | D:2      | Reached skill level 1 in Throwing
   770 | D:2      | Reached skill level 1 in Armour
   770 | D:2      | Reached skill level 1 in Shields
   770 | D:2      | Reached skill level 1 in Unarmed Combat
   770 | D:2      | Reached skill level 1 in Evocations
   770 | D:2      | Reached XP level 4. HP: 29/32 MP: 3/11
   798 | D:2      | Found a shimmering altar of Xom.
   862 | D:2      | Found a faded altar of an unknown god.
  1063 | D:2      | Learned a level 2 spell: Throw Flame
  1067 | D:2      | Learned a level 3 spell: Conjure Flame
  1071 | D:2      | Learned a level 3 spell: Inner Flame
  1282 | D:2      | Reached skill level 1 in Hexes
  1282 | D:2      | Reached skill level 1 in Charms
  1282 | D:2      | Reached skill level 1 in Summonings
  1282 | D:2      | Reached skill level 1 in Necromancy
  1282 | D:2      | Reached skill level 1 in Translocations
  1282 | D:2      | Reached skill level 1 in Transmutations
  1282 | D:2      | Reached skill level 1 in Ice Magic
  1282 | D:2      | Reached skill level 1 in Air Magic
  1282 | D:2      | Reached skill level 1 in Earth Magic
  1282 | D:2      | Reached skill level 1 in Poison Magic
  1750 | D:3      | Reached XP level 5. HP: 37/37 MP: 9/12
  2116 | D:4      | Found an ornate altar of the Wu Jian Council.
  2598 | D:3      | Reached XP level 6. HP: 44/44 MP: 7/13
  2815 | D:3      | Found a runed translucent door.
  2816 | D:3      | Noticed Crazy Yiuf
  2828 | D:3      | Killed Crazy Yiuf
  3004 | D:3      | Found a radiant altar of Vehumet.
  3020 | D:3      | Became a worshipper of Vehumet
  3193 | D:4      | Reached skill level 5 in Dodging
  3421 | D:4      | Got a twisted ring mail
  3432 | D:4      | Identified the +1 ring mail of the Elven Halls {MR+ Int+3
                  | Slay+3} (You found it on level 4 of the Dungeon)
  3458 | D:4      | Reached XP level 7. HP: 50/50 MP: 8/15
  3597 | D:4      | Got a slimy leather armour
  3608 | D:4      | Identified the +3 leather armour "Zuferhir" {rPois Str+4
                  | Int+4} (You found it on level 4 of the Dungeon)
  3733 | D:5      | Entered Level 5 of the Dungeon
  3928 | D:5      | Found a hide-covered altar of Uskayaw.
  4227 | D:5      | Found a staircase to the Ecumenical Temple.
  4514 | D:6      | Noticed Edmund
  4538 | D:7      | Learned a level 1 spell: Confusing Touch
  4608 | D:7      | Reached skill level 5 in Stealth
  4877 | D:8      | Reached XP level 8. HP: 57/57 MP: 5/16
  5203 | D:7      | Reached * piety under Vehumet
  5203 | D:7      | Offered knowledge of Shock by Vehumet.
  5227 | D:7      | Reached skill level 6 in Spellcasting
  5712 | D:7      | Found Cibly's Antique Armour Boutique.
  5739 | D:7      | Bought a runed cloak for 255 gold pieces
  6103 | D:8      | Found a transporter.
  6104 | D:8      | Noticed Orphidia's ghost (novice GnWz)
  6105 | D:8      | Found a transporter.
  6106 | D:8      | Identified the +1 dire flail "Zuruv" {crush, rC+}
  6106 | D:8      | Noticed a two-headed ogre
  6363 | D:8      | Noticed a wyvern
  6369 | D:8      | Killed a wyvern
  6369 | D:8      | Reached XP level 9. HP: 65/65 MP: 6/18
  6571 | D:8      | Offered knowledge of Freeze by Vehumet.
  6571 | D:8      | Reached ** piety under Vehumet
  6688 | D:8      | Noticed Grum
  6736 | D:8      | Killed Grum
  7099 | D:8      | Found a deep blue altar of Sif Muna.
  7509 | D:9      | Found a staircase to the Orcish Mines.
  7509 | D:9      | Noticed a troll
  7559 | D:9      | Reached skill level 5 in Invocations
  7694 | D:9      | Upgraded the game from 0.24-a0-93-ge1bfdf8 to
                  | 0.24-a0-102-g7635c99
  7821 | D:9      | Found a flagged portal.
  7829 | Bailey   | Entered a bailey
  7874 | Bailey   | Reached XP level 10. HP: 73/73 MP: 11/20
  7877 | Bailey   | Offered knowledge of Mephitic Cloud by Vehumet.
  8025 | Bailey   | Reached skill level 7 in Spellcasting
  8033 | Bailey   | Reached *** piety under Vehumet
  8219 | Bailey   | Offered knowledge of Static Discharge by Vehumet.
  8226 | Bailey   | Learned a level 5 spell: Fireball
  8231 | Bailey   | Learned a level 4 spell: Sticky Flame
  8232 | Bailey   | Noticed an orc knight
  8260 | Bailey   | Noticed an orc knight
  8263 | Bailey   | Noticed an orc knight
  8263 | Bailey   | Noticed an orc sorcerer
  8265 | Bailey   | HP: 2/73 [orc warrior/+0 halberd[an orc knight] (22)]
  8277 | Bailey   | HP: 2/109 [gnoll/+0 spear[an orc] (7)]
  8277 | Bailey   | Slain by an orc warrior

Levels and vault maps discovered:
D:1:      saegor_arrival_simple_c, layout_rooms, minmay_tromino_i2
D:2:      layout_basic, tgw_xom, chequers_ecumenical_altar_simple_redux
D:3:      layout_basic, vehumet_crystals, first_ration, uniq_crazy_yiuf_cottage
D:4:      kennysheep_big_flooded_room, layout_gridville, lemuel_round_altar
D:5:      layout_loops_corners, temple_doors_cd, basic_altar
D:6:      layout_cave_pools, nicolae_overflow_crystal_walls, uniq_edmund
D:7:      layout_loops_ring, serial_shops, shop_coins
D:8:      kennysheep_orc_sif_temple, layout_basic, gammafunk_ghost_smash,
          uniq_grum
D:9:      layout_grid_maze, kennysheep_orc_monster_closet_entryway,
          enter_bailey_3
Bailey:   bailey_polearm_5, bailey

Skill      XL: |  1  2  3  4  5  6  7  8  9 10 |
---------------+-------------------------------+-----
Conjurations   | 2 3 4 |  4.6
Spellcasting   | 5 6 7 |  7.1
Invocations    | 1 2 3 4 5 |  5.4
Fighting       | 1 2 3 4 |  4.9
Short Blades   | 1 2 3 4 |  4.9
Long Blades    | 1 2 3 4 |  4.9
Axes           | 1 2 3 4 |  4.9
Maces & Flails | 1 2 3 4 |  4.9
Polearms       | 1 2 3 4 |  4.9
Staves         | 1 2 3 4 |  4.9
Slings         | 1 2 3 4 |  4.9
Bows           | 1 2 3 4 |  4.9
Crossbows      | 1 2 3 4 |  4.9
Throwing       | 1 2 3 4 |  4.9
Armour         | 1 2 3 4 |  4.9
Shields        | 1 2 3 4 |  4.9
Unarmed Combat | 1 2 3 4 |  4.9
Evocations     | 1 2 3 4 |  4.9
Hexes          | 1 2 3 4 |  4.1
Charms         | 1 2 3 4 |  4.1
Summonings     | 1 2 3 4 |  4.1
Necromancy     | 1 2 3 4 |  4.1
Translocations | 1 2 3 4 |  4.1
Transmutations | 1 2 3 4 |  4.1
Ice Magic      | 1 2 3 4 |  4.1
Air Magic      | 1 2 3 4 |  4.1
Earth Magic    | 1 2 3 4 |  4.1
Poison Magic   | 1 2 3 4 |  4.1
Dodging        | 5 6 |  6.8
Stealth        | 5 6 |  6.5
Fire Magic     | 6 |  6.9

Action                   |  1- 3 |  4- 6 |  7- 9 | 10-12 || total
-------------------------+-------+-------+-------+-------++-------
Melee: Dagger            |     5 |       |       |       ||     5
       Unarmed           |     2 |       |       |       ||     2
       Spear             |       |    50 |    31 |     6 ||    87
       Bite              |       |     3 |    11 |       ||    14
       Punch             |       |     1 |       |       ||     1
       Short sword       |       |       |    66 |       ||    66
       Quarterstaff      |       |       |     6 |       ||     6
 Cast: Flame Tongue      |    33 |    52 |   149 |    37 ||   271
       Throw Flame       |       |    46 |    34 |     3 ||    83
       Conjure Flame     |       |     8 |    18 |     3 ||    29
       Inner Flame       |       |     1 |    18 |     7 ||    26
       Confusing Touch   |       |       |    16 |     1 ||    17
       Fireball          |       |       |       |     1 ||     1
Evoke: Wand              |       |       |     5 |       ||     5
  Use: Scroll            |       |       |     2 |     1 ||     3
       Potion            |       |       |     1 |     3 ||     4
 Stab: Sleeping          |     3 |     3 |     3 |       ||     9
       Confused          |       |       |     7 |       ||     7
       Paralysed         |       |       |     3 |       ||     3
  Eat: Chunk             |       |     6 |     9 |     1 ||    16
       Ration            |       |     1 |     1 |       ||     2
Armor: Robe              |     6 |     4 |       |       ||    10
       Leather armour    |       |       |    45 |     4 ||    49
Dodge: Dodged            |    19 |    22 |    73 |    30 ||   144

Table legend:
 A = Non-vault XP
 B = Vault XP
 C = Vault XP percentage of total XP
 D = Non-vault monster count
 E = Vault monster count
 F = Vault count percentage of total count
                 A         B        C        D         E       F
            +---------+---------+-------+---------+---------+-------
      Total |    2898 |    2626 |  47.5 |     117 |      65 |  35.7
            +---------+---------+-------+---------+---------+-------
        D:1 |      13 |       3 |  18.8 |       9 |       2 |  18.2
        D:2 |      51 |      71 |  58.2 |      15 |       5 |  25.0
        D:3 |     252 |      40 |  13.7 |      29 |       1 |   3.3
        D:4 |     161 |      53 |  24.8 |       5 |       2 |  28.6
        D:5 |     114 |       0 |   0.0 |       4 |       0 |   0.0
        D:6 |     143 |       0 |   0.0 |       3 |       0 |   0.0
        D:7 |     745 |     115 |  13.4 |      23 |       1 |   4.2
        D:8 |    1208 |     561 |  31.7 |      25 |       7 |  21.9
        D:9 |     211 |     905 |  81.1 |       4 |      17 |  81.0
     Bailey |       0 |     878 | 100.0 |       0 |      30 | 100.0
            +---------+---------+-------+---------+---------+-------
